 Dungeon Crawl Stone Soup version 0.24-a0-530-g18ba70b5 (webtiles) character file.

Game seed: 14012424704713941200

1214 pkoi the Grappler (level 8, -3/57 HPs)
             Began as a Demonspawn Gladiator on Aug 8, 2019.
             Was an Initiate of Dithmenos.
             Slain by an orc warrior
             ... wielding a +0 dire flail
              (13 damage)
             ... on level 6 of the Dungeon.
             The game lasted 00:08:41 (5151 turns).

pkoi the Grappler (Demonspawn Gladiator)            Turns: 5151, Time: 00:08:42

Health: -3/57      AC: 11    Str: 17    XL:     8   Next: 22%
Magic:  8/8        EV:  6    Int: 14    God:    Dithmenos [......]
Gold:   226        SH:  0    Dex: 14    Spells: 7/7 levels left

rFire    . . .     SeeInvis .   o - +7 dagger of the Coin {pierce, Int+4}
rCold    . . .     Gourm    .   (no shield)
rNeg     . . .     Faith    .   k - +1 plate armour
rPois    +         Spirit   .   (helmet restricted)
rElec    .         Reflect  .   (no cloak)
rCorr    .         Harm     .   (no gloves)
MR       .....                  (no boots)
Stlth    ..........             (no amulet)
HPRegen  0.19/turn              l - ring of poison resistance
MPRegen  0.11/turn              (no ring)

@: lethally poisoned (-3 -> -4)
A: claws 1, horns 2, talons 1, foul stench 1, rot immunity
a: Renounce Religion


You were on level 6 of the Dungeon.
You worshipped Dithmenos.
Dithmenos was noncommittal.
You were not hungry.

You visited 2 branches of the dungeon, and saw 8 of its levels.

You collected 226 gold pieces.

Inventory:

Hand Weapons
 a - a +1 trident
 o - the +7 dagger of the Coin (weapon) {pierce, Int+4}
   (You found it on level 4 of the Dungeon)

   It inflicts extra damage upon your enemies.
   It affects your intelligence (+4).
Missiles
 d - 3 throwing nets (quivered)
Armour
 k - a +1 plate armour (worn)
 m - the +1 ring mail of the Barracuda {rN+}
   (You found it on level 4 of the Dungeon)

   It protects you from negative energy.
Jewellery
 l - a ring of poison resistance (left claw)
 p - an uncursed amulet of faith
Wands
 r - a wand of digging (4)
 t - a wand of clouds (4)
Scrolls
 e - 6 scrolls of identify
 g - 4 scrolls of amnesia
 h - 4 scrolls of remove curse
 s - a scroll of teleportation
Potions
 b - 2 potions of degeneration {unknown}
 c - 2 potions of lignification {unknown}
 i - 2 potions of curing {unknown}
 j - 3 potions of agility {unknown}
 n - a potion of brilliance {unknown}
 q - a potion of berserk rage {unknown}
Comestibles
 f - 12 rations
 u - 3 chunks of flesh


   Skills:
 - Level 2.7 Fighting
 - Level 3.2 Polearms
 - Level 1.7 Throwing
 - Level 1.4 Armour
 - Level 3.2 Dodging
 + Level 8.2 Unarmed Combat


You had 7 spell levels left.
You didn't know any spells.
Your spell library was empty.

Dungeon Overview and Level Annotations

Branches:
Dungeon (7/15)             Temple (1/1) D:6

Altars:
Ashenzari
Cheibriados
Dithmenos
Elyvilon
Fedhas
Gozag
Hepliaklqana
Kikubaaqudgha
Makhleb
Nemelex Xobeh
Okawaru
Qazlal
Ru
Sif Muna
Trog
Uskayaw
Vehumet
Wu Jian
Xom
Yredelemnul
Zin
The Shining One


Innate Abilities, Weirdness & Mutations

You have sharp fingernails.
You have a pair of horns on your head.
You have sharp toenails.
You may emit foul miasma when damaged in melee.
You are immune to rotting.


Message History

You claw the orc warrior.
The orc warrior is heavily wounded.
The orc warrior hits you with a +0 dire flail!
* * * LOW HITPOINT WARNING * * *
Unknown command.
You feel sick. The orc warrior closely misses you.
You climb upwards.
There is a stone staircase leading down here.
Unknown command.
Unknown command.
Your plate armour prevents you from hitting the orc warrior.
You claw the orc warrior, but do no damage.
The orc warrior is heavily wounded.
The orc warrior hits you with a +0 dire flail!
* * * LOW HITPOINT WARNING * * *
You hit the orc warrior but do no damage.
Your kick misses the orc warrior. You headbutt the orc warrior!
The orc warrior is severely wounded.
The orc warrior hits you with a +0 dire flail!
You die...

##.........#.........
###....................
#......................
##.....................
##.#.....##...........
#####.#####..........
##.## #.....)....
#.o.####.#........
#@.....#.#........
#.................
#.....#...........
###.................
#......##.........##
##.....#.........###
####.###..........#
####......รท....#
###..#............


You could see an orc warrior.

Vanquished Creatures
  A phantom (D:6)
  2 sky beasts
  An ice beast (D:5)
  A centaur (D:5)
  A scorpion (D:6)
  5 killer bees (D:7)
  A crimson imp (D:5)
  A howler monkey (D:6)
  2 bullfrog zombies
  A hound (D:6)
  A bullfrog skeleton (D:6)
  Jessica (D:5)
  5 worker ants
  A hound zombie (D:5)
  6 adders
  A shadow imp (D:6)
  6 oozes
  2 adder zombies (D:6)
  2 worms (D:2)
  3 orcs
  A giant cockroach (D:1)
  2 goblins (D:1)
  6 hobgoblins
  A ball python (D:2)
  A ball python skeleton (D:6)
  8 bats
  3 frilled lizards
  5 kobolds
  A leopard gecko zombie (D:7)
  8 rats
80 creatures vanquished.

Notes
Turn   | Place    | Note
-------+----------+-------------------------------------------
     0 | D:1      | pkoi the Demonspawn Gladiator began the quest for the Orb.
     0 | D:1      | Reached XP level 1. HP: 16/16 MP: 1/1
    59 | D:1      | Gained mutation: You have sharp toenails. [demonic
                  | ancestry]
    59 | D:1      | Reached XP level 2. HP: 22/22 MP: 2/2
   864 | D:1      | Gained mutation: You have a pair of small horns on your
                  | head. [demonic ancestry]
   864 | D:1      | Reached XP level 3. HP: 16/28 MP: 3/3
  1034 | D:2      | Reached skill level 1 in Armour
  1521 | D:2      | Gained mutation: You have sharp fingernails. [demonic
                  | ancestry]
  1521 | D:2      | Reached XP level 4. HP: 34/34 MP: 4/4
  1569 | D:2      | Found a snail-covered altar of Cheibriados.
  1900 | D:3      | Reached skill level 1 in Unarmed Combat
  2286 | D:4      | Noticed an orc warrior
  2456 | D:4      | Reached skill level 2 in Unarmed Combat
  2568 | D:4      | Reached XP level 5. HP: 31/39 MP: 5/5
  2912 | D:4      | Got an ancient ring mail
  2913 | D:4      | Identified the +1 ring mail of the Barracuda {rN+} (You
                  | found it on level 4 of the Dungeon)
  3048 | D:4      | Found a hazy altar of Hepliaklqana.
  3048 | D:4      | Found an ancient bone altar of Kikubaaqudgha.
  3058 | D:4      | Got a jewelled dagger
  3063 | D:4      | Identified the +7 dagger of the Coin {pierce, Int+4} (You
                  | found it on level 4 of the Dungeon)
  3075 | D:5      | Entered Level 5 of the Dungeon
  3082 | D:5      | Noticed a centaur
  3097 | D:5      | Reached skill level 3 in Unarmed Combat
  3101 | D:5      | Killed a centaur
  3101 | D:5      | Gained mutation: You are immune to rotting. [demonic
                  | ancestry]
  3101 | D:5      | Reached XP level 6. HP: 16/46 MP: 6/6
  3265 | D:5      | Noticed an ice beast
  3272 | D:5      | Killed an ice beast
  3272 | D:5      | Reached skill level 4 in Unarmed Combat
  3434 | D:5      | Noticed a sky beast
  3447 | D:5      | Killed a sky beast
  3447 | D:5      | Reached skill level 5 in Unarmed Combat
  3560 | D:5      | Noticed Jessica
  3680 | D:5      | Killed Jessica
  3685 | D:5      | Found a deep blue altar of Sif Muna.
  3755 | D:5      | Gained mutation: You have a pair of horns on your head.
                  | [demonic ancestry]
  3755 | D:5      | Reached XP level 7. HP: 43/51 MP: 7/7
  4114 | D:6      | Reached skill level 6 in Unarmed Combat
  4242 | D:6      | Found a staircase to the Ecumenical Temple.
  4251 | Temple   | Entered the Ecumenical Temple
  4450 | Temple   | Became a worshipper of Dithmenos the Shadowed
  4539 | D:6      | Reached skill level 7 in Unarmed Combat
  4944 | D:7      | Gained mutation: You may emit foul miasma when damaged in
                  | melee. [demonic ancestry]
  4944 | D:7      | Reached XP level 8. HP: 57/57 MP: 8/8
  4975 | D:7      | Reached skill level 8 in Unarmed Combat
  5151 | D:6      | Slain by an orc warrior

Levels and vault maps discovered:
D:1:      matt_arrival_refuge, layout_basic, minmay_misc_feat_five,
          minmay_hedge_maze
D:2:      layout_loops_ring, nicolae_overflow_hidden_temple, minmay_door_square
D:3:      layout_rooms, kennysheep_generic_room_13
D:4:      layout_basic, chequers_temple_overflow_statue_of_worship
D:5:      layout_rooms, tgw_sif, first_ration
D:6:      layout_cave_pools, minmay_temple_entry_waves
D:7:      layout_basic, uniq_duvessa
Temple:   dpeg_five_rooms_temple

Skill      XL: |  1  2  3  4  5  6  7  8 |
---------------+-------------------------+-----
Polearms       | 3 |  3.2
Armour         | 1 |  1.4
Dodging        | 3 |  3.2
Unarmed Combat | 2 3 5 7 8 |  8.2
Fighting       | |  2.7
Throwing       | |  1.7

Action                   |  1- 3 |  4- 6 |  7- 9 || total
-------------------------+-------+-------+-------++-------
Melee: Trident           |    81 |    90 |    60 ||   231
       Kick              |    10 |    27 |    30 ||    67
       Headbutt          |     5 |     7 |    20 ||    32
       Dagger            |       |    16 |    53 ||    69
       Punch             |       |       |     3 ||     3
  Use: Scroll            |       |     7 |     4 ||    11
       Potion            |       |     1 |       ||     1
  Eat: Chunk             |     2 |     3 |     2 ||     7
       Ration            |       |     1 |     1 ||     2
Armor: Leather armour    |     6 |       |       ||     6
       Plate armour      |    19 |    42 |    63 ||   124
       Ring mail         |       |    14 |     8 ||    22
Dodge: Dodged            |    24 |    34 |    50 ||   108

Table legend:
 A = Non-vault XP
 B = Vault XP
 C = Vault XP percentage of total XP
 D = Non-vault monster count
 E = Vault monster count
 F = Vault count percentage of total count
                 A         B        C        D         E       F
            +---------+---------+-------+---------+---------+-------
      Total |    1698 |      37 |   2.1 |      79 |       1 |   1.2
            +---------+---------+-------+---------+---------+-------
        D:1 |      46 |       0 |   0.0 |      20 |       0 |   0.0
        D:2 |      56 |       0 |   0.0 |      15 |       0 |   0.0
        D:3 |      37 |       0 |   0.0 |      10 |       0 |   0.0
        D:4 |      83 |       0 |   0.0 |       4 |       0 |   0.0
        D:5 |     525 |      37 |   6.6 |       7 |       1 |  12.5
        D:6 |     624 |       0 |   0.0 |      16 |       0 |   0.0
        D:7 |     327 |       0 |   0.0 |       7 |       0 |   0.0
            +---------+---------+-------+---------+---------+-------
